Map: Prion Terraces

Players

Novawulfen - Winner!

  • Race: Terran Terran
  • League: Gold

luckman

  • Race: Protoss Protoss
  • League: Silver

VOD

Have the link to the VOD?

Description

Time

  • Played on: Nov. 15, 2015, 8:25 a.m.
  • Length: 9:28
Show
View Real Time Build Order
Export as new Build Order

Novawulfen Terran - Winner!

Build Orders: Reaper Expand, MMM Bio 

Get SALT Encoding   

  12  0:01  SCV  
  13  0:14  SCV  
  13  0:18  Supply Depot  
  14  0:26  SCV  
  15  0:40  SCV  
  15  0:42  Barracks  
  16  0:45  Refinery  
  16  0:52  SCV  
  17  1:04  SCV  
  18  1:22  SCV  
  19  1:31  Reaper  
  20  1:37  Command Center  
  20  1:41  Orbital Command  
  20  1:57  Barracks  
  20  2:07  Marine  
  21  2:10  SCV  
  22  2:22  SCV  
  23  2:23  Refinery, Engineering Bay  
  23  2:39  Supply Depot  
  23  2:49  SCV, Marine  
  25  2:56  Missile Turret  
  25  2:57  Barracks Tech Lab  
  25  3:01  SCV  
  26  3:07  Barracks Reactor  
  26  3:10  Terran Infantry Weapons Level 1  
  26  3:11  Barracks  
  26  3:13  SCV  
  27  3:23  Supply Depot  
  27  3:28  SCV  
  27  3:30  Orbital Command  
  28  3:44  SCV  
  28  3:45  Marine x2  
  28  3:47  Missile Turret  
  30  3:56  Marine  
  30  3:57  SCV x2  
  33  4:03  Marine x2  
  33  4:07  Stimpack  
  35  4:11  Barracks Reactor  
  35  4:12  Refinery  
  35  4:14  Marine  
  35  4:15  SCV x2  
  37  4:27  Marine x2  
  37  4:30  SCV x2  
  41  4:34  Missile Turret, Marine  
  42  4:42  SCV x2  
  42  4:45  Marine  
  45  4:54  SCV, Marine x3  
  45  4:55  Marine  
  45  4:57  Bunker  
  45  4:59  Supply Depot  
  50  5:00  SCV  
  50  5:02  Supply Depot  
  51  5:08  Marine  
  51  5:12  Marine  
  53  5:15  Missile Turret  
  53  5:16  SCV  
  53  5:21  SCV, Marine x3  
  58  5:25  Supply Depot  
  59  5:28  SCV  
  59  5:29  Supply Depot  
  59  5:37  Factory  
  59  5:38  SCV, Supply Depot, Marine  
  59  5:39  Marine  
  62  5:46  Terran Infantry Armor Level 1  
  62  5:56  Marine x4  
  62  5:57  Marine  
  66  6:03  SCV, Barracks  
  66  6:04  SCV, Barracks  
  69  6:13  Supply Depot  
  69  6:14  Marine  
  69  6:15  Marauder, Marine  
  69  6:17  Marine x2  
  75  6:20  SCV x2  
  77  6:33  SCV x2, Marine  
  77  6:39  Command Center  
  80  6:42  Factory Reactor  
  80  6:45  Supply Depot, Starport  
  80  6:49  Supply Depot  
  80  6:52  SCV x2  
  73  7:02  Marine x2  
  67  7:15  Barracks Tech Lab  
  67  7:16  Barracks Tech Lab, Marine  
  67  7:17  Marine  
  67  7:18  Marauder  
  71  7:31  Medivac  
  71  7:32  Medivac  
  71  7:34  Supply Depot  
  71  7:35  Barracks  
  75  7:39  Supply Depot, SCV x2  
  77  7:48  Factory Reactor  
  77  7:50  Command Center, Concussive Shells  
  77  7:51  Combat Shields  
  77  7:54  Marauder x2  
  77  7:55  Marauder  
  77  7:56  Marine  
  77  7:57  Marine  
  85  8:00  SCV  
  86  8:16  SCV, Marauder  
  86  8:17  SCV  
  90  8:28  Refinery  
  90  8:30  SCV x2  
  90  8:32  Orbital Command  
  92  8:39  Marauder x2, Marine x4  
  92  8:40  Marauder, Widow Mine x2  
  92  8:41  Medivac  
  108  8:42  Medivac  
  110  8:57  Marine x2  
  110  9:01  Marauder x2  
  116  9:04  Marauder, Marine x2  
Show
View Real Time Build Order
Export as new Build Order

luckman Protoss 

Build Orders: Oracle Opening 

Get SALT Encoding   

  12  0:01  Probe (Chrono Boost)  
  13  0:13  Pylon  
  13  0:18  Probe (Chrono Boost)  
  14  0:29  Probe (Chrono Boost)  
  14  0:34  Gateway  
  15  0:40  Probe (Chrono Boost)  
  16  0:50  Probe (Chrono Boost)  
  16  0:51  Assimilator  
  16  0:55  Assimilator  
  17  1:01  Probe (Chrono Boost)  
  19  1:11  Probe (Chrono Boost)  
  19  1:22  Cybernetics Core  
  19  1:27  Probe (Chrono Boost)  
  19  1:30  Pylon  
  20  1:38  Probe (Chrono Boost)  
  21  1:48  Probe (Chrono Boost)  
  22  2:00  Stargate  
  22  2:03  Probe (Chrono Boost)  
  23  2:18  Stalker (Chrono Boost)  
  25  2:23  Probe (Chrono Boost)  
  25  2:27  Warp Gate  
  26  2:51  Stalker (Chrono Boost)  
  26  3:03  Oracle  
  29  3:11  Probe  
  30  3:23  Probe, Pylon  
  31  3:27  Pylon  
  31  3:28  Gateway  
  31  3:42  Probe  
  32  4:04  Gateway  
  32  4:38  Mothership Core  
  34  4:40  Nexus  
  34  4:48  Pylon  
  34  4:53  Pylon  
  34  4:59  Probe  
  35  5:09  Stalker x2  
  35  5:11  Probe  
  40  5:16  Forge  
  40  5:17  Pylon  
  40  5:27  Probe  
  41  5:39  Probe, Assimilator  
  42  5:43  Assimilator  
  42  5:44  Stalker x3  
  48  5:51  Probe, Twilight Council  
  48  5:53  Protoss Ground Weapons Level 1  
  48  5:54  Pylon  
  49  5:57  Probe  
  49  6:03  Probe  
  51  6:07  Probe  
  51  6:09  Photon Cannon x2  
  52  6:11  Gateway  
  52  6:15  Probe  
  52  6:18  Probe  
  54  6:26  Adept x3  
  54  6:28  Probe x2  
  54  6:30  Blink  
  62  6:39  Probe  
  62  6:40  Probe  
  44  7:10  Nexus  
  42  7:20  Adept x2  
  42  7:21  Adept  
  48  7:36  Pylon  
  48  7:38  Mothership Core  
  48  7:40  Probe, Pylon  
  51  7:45  Stalker x2  
  51  7:46  Stalker x2  
  51  7:51  Probe  
  59  7:57  Robotics Facility  
  60  7:59  Probe  
  61  8:16  Photon Cannon  
  61  8:17  Photon Cannon  
  61  8:25  Robotics Facility  
  61  8:28  Assimilator  
  61  8:30  Assimilator  
  61  8:54  Stalker x2  
  61  8:55  Stalker x2  
  69  8:59  Probe  
  69  9:01  Probe x2  
  72  9:10  Probe  
  72  9:11  Probe  
  72  9:13  Probe  
Tags
 
Add a new tag
Caveats
  • Supply blocks, unpowered buildings, or Contaminate may cause inaccurate times.
  • Supply counts are checked every 10 seconds.